 Dungeon Crawl Stone Soup version 0.21.1-1-g345015f (webtiles) character file.

93 Mesmaeker13 the Charmwright (level 4, 0/37 HPs)
             Began as a Demigod Skald on Apr 2, 2018.
             Slain by a kobold
             ... wielding a +0 short sword
              (4 damage)
             ... on level 2 of the Dungeon.
             The game lasted 00:03:18 (2113 turns).

Mesmaeker13 the Charmwright (Demigod Skald)         Turns: 2113, Time: 00:03:18

Health: 0/37       AC:  3    Str: 16    XL:     4   Next: 15%
Magic:  9/9        EV: 13    Int: 17    God:
Gold:   73         SH:  0    Dex: 15    Spells: 5/6 levels left

rFire    . . .     SeeInvis .   a - +0 falchion
rCold    . . .     Gourm    .   (no shield)
rNeg     . . .     Faith    .   b - +0 leather armour
rPois    .         Spirit   .   (no helmet)
rElec    .         Reflect  .   (no cloak)
rCorr    .         Harm     .   (no gloves)
MR       .....                  (no boots)
Stlth    +.........             (no amulet)
HPRegen  0.12/turn              (no ring)
MPRegen  0.11/turn              (no ring)

@: infused (expiring)
A: high mp 1
a: no special abilities


You were on level 2 of the Dungeon.
You were not hungry.

You visited 1 branch of the dungeon, and saw 2 of its levels.

You collected 73 gold pieces.

Inventory:

Hand Weapons
 a - a +0 falchion (weapon)
Armour
 b - a +0 leather armour (worn)
 o - a +0 ring mail
Scrolls
 e - a scroll of enchant armour {unknown}
 f - a scroll of amnesia {unknown}
 i - 2 scrolls of identify {unknown}
 k - a scroll of teleportation {unknown}
 n - a scroll of random uselessness {unknown}
Potions
 g - 3 potions of flight {unknown}
 h - 3 potions of lignification {unknown}
 j - a potion of resistance {unknown}
 l - 2 potions of might {unknown}
 m - 2 potions of berserk rage {unknown}
Books
 c - a book of Battle

   Spells                             Type                      Level
   a - Infusion                       Charms                       1
   b - Shroud of Golubria             Charms/Translocation         2
   c - Song of Slaying                Charms                       2
   d - Spectral Weapon                Hexes/Charms                 3
   e - Regeneration                   Charms/Necromancy            3
Comestibles
 d - 3 rations
 p - 3 chunks of flesh


   Skills:
 + Level 2.5 Fighting
 + Level 2.6 Long Blades
 - Level 0.8 Armour
 + Level 2.6 Dodging
 - Level 1.7 Spellcasting
 + Level 3.2 Charms


You had 5 spell levels left.
You knew the following spells:

 Your Spells              Type           Power        Failure   Level  Hunger
a - Infusion              Chrm           ##..         6%          1    #......


Dungeon Overview and Level Annotations

Branches:
Dungeon (2/15)


Innate Abilities, Weirdness & Mutations

You have an increased reservoir of magic. (+10% MP)


Message History

You barely miss the kobold. The kobold misses you.
The kobold closely misses you.
You closely miss the kobold. The kobold barely misses you.
You hit the kobold.
The kobold is severely wounded.
The kobold hits you with a short sword.
* * * LOW HITPOINT WARNING * * *
The kobold hits you but does no damage.
You hit the kobold but do no damage.
The kobold is severely wounded.
Your magical infusion is running out.
The kobold misses you. The kobold hits you with a short sword.
* * * LOW HITPOINT WARNING * * *
You hit the kobold but do no damage.
The kobold is severely wounded.
The kobold barely misses you. The kobold hits you but does no damage.
You hit the kobold but do no damage.
The kobold is severely wounded.
The kobold hits you with a short sword.
You die...

#......# #.# . #.#
#.# ...
#.###.########
.....###............#
.........##......##.#
.....###.##...##.##.#
.## #.#######.##.#
#(# ##....##.#
#@###...####.#
#.K..........# #.
#####...###### # #.
##.## #.#. .# #...# .
.## .# #####(_.####
#...# .# #..........#
#.#.##.# #.###...##.#
#....#.# #.# ##.## #


You could see a kobold.

Vanquished Creatures
  3 adders (D:2)
  An ooze (D:2)
  A worm (D:2)
  3 dart slugs (D:1)
  4 leopard geckos
  A giant cockroach (D:2)
  6 goblins
  5 hobgoblins
  8 jackals
  6 kobolds
  5 bats
  2 frilled lizards (D:1)
  2 rats (D:1)
47 creatures vanquished.

Notes
Turn   | Place    | Note
-------+----------+-------------------------------------------
     0 | D:1      | Mesmaeker13 the Demigod Skald began the quest for the Orb.
     0 | D:1      | Reached XP level 1. HP: 17/17 MP: 5/5
   308 | D:1      | Reached XP level 2. HP: 9/24 MP: 0/7
   823 | D:1      | Reached skill level 3 in Charms
  1094 | D:1      | Reached XP level 3. HP: 29/29 MP: 8/8
  1924 | D:2      | Found a snail-covered altar of Cheibriados.
  1928 | D:2      | Reached XP level 4. HP: 34/37 MP: 9/9
  2113 | D:2      | Slain by a kobold

Skill      XL: |  1  2 |
---------------+-------+-----
Fighting       | 2 |  2.5
Long Blades    | 2 |  2.6
Dodging        | 2 |  2.6
Charms         | 3 |  3.2
Armour         | |  0.8
Spellcasting   | |  1.7

Action                   |  1- 3 |  4- 6 || total
-------------------------+-------+-------++-------
Melee: Falchion          |   127 |    24 ||   151
 Cast: Infusion          |    10 |     3 ||    13
 Stab: Sleeping          |     2 |       ||     2
  Eat: Chunk             |     4 |       ||     4
Armor: Leather armour    |    37 |     4 ||    41
Dodge: Dodged            |    95 |    18 ||   113
       Rpst.: Falchion   |    28 |     4 ||    32
